 Dungeon Crawl Stone Soup version 0.30.1-11-g7821555f0a (webtiles) character file.

Game seed: 14730626144817027106

467 porpoise the Shooter (level 6, -2/55 HPs)
             Began as a Minotaur Hunter on Jan 11, 2024.
             Succumbed to a scorpion's poison
             ... on level 4 of the Dungeon.
             The game lasted 00:09:27 (3592 turns).

porpoise the Shooter (Minotaur Hunter)              Turns: 3592, Time: 00:09:27

Health: -2/55      AC:  5    Str: 16    XL:     6   Next: 81%
Magic:  5/5        EV: 11    Int:  6    God:
Gold:   226        SH:  0    Dex: 15    Spells: 5/5 levels left

rFire   . . .        b - +0 war axe
rCold   . . .        (no shield)
rNeg    . . .        g - +0 ring mail
rPois   .            (helmet restricted)
rElec   .            (no cloak)
rCorr   .            (no gloves)
SInv    .            (no boots)
Will    .....        f - amulet of the acrobat
Stlth   +            (no ring)
HPRegen 0.29/turn    (no ring)
MPRegen 0.09/turn

%: acrobat
@: lethally poisoned (-2 -> -10), on berserk cooldown, attractive, slowed, very
slow
A: horns 2, retaliatory headbutt
a: no special abilities


You were on level 4 of the Dungeon.
You visited 1 branch of the dungeon, and saw 4 of its levels.

You collected 226 gold pieces.

Inventory:

Hand Weapons
 a - a +0 shortbow
 b - a +0 war axe (weapon)
Missiles
 u - 3 poisoned darts
Armour
 g - a +0 ring mail (worn)
 n - +0 fire dragon scales
 s - a +2 robe of willpower
Jewellery
 f - an amulet of the acrobat (around neck)
Wands
 p - a wand of light (7)
Scrolls
 d - 2 scrolls of immolation
 e - a scroll of acquirement {unknown}
 i - a scroll of torment {unknown}
 k - a scroll of fog {unknown}
 l - 2 scrolls of blinking {unknown}
 m - a scroll of enchant armour {unknown}
 o - a scroll of fear {unknown}
 t - 2 scrolls of summoning {unknown}
 v - a scroll of identify
 x - a scroll of enchant weapon {unknown}
Potions
 c - a potion of cancellation
 j - a potion of curing {unknown}
 q - a potion of attraction
 r - a potion of might {unknown}
 w - a potion of flight {unknown}


   Skills:
 + Level 4.8 Fighting
 * Level 7.1 Ranged Weapons
 + Level 4.0 Armour
 - Level 2.1 Dodging
 - Level 0.7 Stealth


You had 5 spell levels left.
You didn't know any spells.
Your spell library contained the following spells:

 Spells                   Type           Power      Damage    Failure   Level
 Sandblast                Erth           0%         2d4       65%         1
 Lesser Beckoning         Tloc           0%         N/A       80%         2
 Passwall                 Tmut/Erth      0%         N/A       80%         2
 Gell's Gravitas          Tloc           0%         N/A       95%         3
 Stone Arrow              Conj/Erth      0%         3d7       95%         3
 Teleport Other           Tloc           0%         N/A       95%         3


Dungeon Overview and Level Annotations

Branches:
Dungeon (4/15)
 Temple: D:4-7

Altars:
Cheibriados
Gozag
Okawaru

Annotations:
D:4 dangerous level


Innate Abilities, Weirdness & Mutations

You have a pair of horns on your head.
You reflexively headbutt those who attack you in melee.


Message History

The scorpion stings you but does no damage.
You barely miss the scorpion.
The scorpion is lightly wounded.
You feel very sick.
The scorpion stings you but does no damage.
You slash the scorpion! Your headbutt misses the scorpion.
The scorpion is severely wounded.
You feel sick. The scorpion stings you.
You are more poisoned.
The scorpion poisons you! The scorpion stings you.
* * * LOW HITPOINT WARNING * * *
You are lethally poisoned!
The scorpion poisons you!
You hit the scorpion.
The scorpion is almost dead.
* * * LOW HITPOINT WARNING * * *
You feel very sick.
The scorpion stings you but does no damage.
You slash the scorpion!
You kill the scorpion!
* * * LOW HITPOINT WARNING * * *
You feel very sick.
Your Ranged Weapons skill increases to level 7!
Your Armour skill increases to level 4!
You are too berserk!
* * * LOW HITPOINT WARNING * * *
You feel very sick.
You feel a strong urge to attack something.
* * * LOW HITPOINT WARNING * * *
You feel sick.
* * * LOW HITPOINT WARNING * * *
You feel sick.
You feel your anger nearly subside.
You are no longer berserk.
You are exhausted.
You feel yourself slow down.
* * * LOW HITPOINT WARNING * * *
You feel sick.
It was a potion of attraction.
You feel attractive to monsters.
You die...

##.######## ######.#####
............S..........#
##.#####.............#.#
......)..#
#######.#<#.####
##.######. ...#.#....#
##.# #####.#..#.# .#.#
##.....#.#### .#.#
.########.#....#....#
.#.##
.......@..#.#######.####
#...#
#########.#....#........
##.[# ##.....#.###....
###)#
##########.#.<#........
# #.#
#.....).........###....
# #.#
#.########.............
# #.# #.# #..########..#
###.# ##.## #..# ..#
.##.# #...# #... ..#


There were no monsters in sight!

Vanquished Creatures
  A sky beast (D:4)
  A lemure (D:3)
  3 scorpions (D:4)
  Jessica (D:3)
  2 iguanas (D:4)
  5 adders
  A worm (D:3)
  A dart slug (D:3)
  An orc (D:4)
  12 endoplasms
  3 giant cockroaches
  7 goblins
  4 hobgoblins (D:1)
  9 kobolds
  2 quokkas
  6 ball pythons
  7 bats
  2 frilled lizards
  9 rats
77 creatures vanquished.

Notes
Turn   | Place    | Note
-------+----------+-------------------------------------------
     0 | D:1      | porpoise the Minotaur Hunter began the quest for the Orb.
     0 | D:1      | Reached XP level 1. HP: 18/18 MP: 0/0
   164 | D:1      | Reached XP level 2. HP: 25/25 MP: 1/1
   214 | D:1      | Reached skill level 1 in Armour
   369 | D:1      | Reached skill level 5 in Ranged Weapons
   378 | D:1      | Reached XP level 3. HP: 15/31 MP: 2/2
  1256 | D:2      | Reached XP level 4. HP: 26/38 MP: 3/3
  2162 | D:3      | Noticed Jessica
  2169 | D:3      | Killed Jessica
  2399 | D:4      | Noticed a scorpion
  2399 | D:4      | Noticed a scorpion
  2480 | D:4      | Noticed a lemure
  2508 | D:3      | Killed a lemure
  2634 | D:4      | Noticed a sky beast
  2709 | D:4      | Found a snail-covered altar of Cheibriados.
  2782 | D:4      | Reached XP level 5. HP: 19/46 MP: 4/4
  2923 | D:4      | Found an opulent altar of Gozag.
  2942 | D:4      | Found an iron altar of Okawaru.
  3039 | D:4      | Reached skill level 6 in Ranged Weapons
  3258 | D:4      | Reached XP level 6. HP: 39/53 MP: 5/5
  3374 | D:4      | Killed a sky beast
  3588 | D:4      | Reached skill level 7 in Ranged Weapons
  3590 | D:4      | HP: 4/82 [poisoned by a scorpion]
  3591 | D:4      | HP: 1/55 [poisoned by a scorpion]
  3592 | D:4      | Succumbed to a scorpion's poison

Illustrated notes

Levels and vault maps discovered:
D:1:      lightli_arrival_farm, layout_basic, minmay_tetromino_o4
D:2:      layout_loops_ring
D:3:      layout_loops_ring, uniq_jessica
D:4:      layout_loops_ring, cheibriados_altar_1,
          mainiacjoe_overflow_catch_the_wave, uniq_pikel, uniq_edmund

Skill      XL: |  1  2  3  4  5  6 |
---------------+-------------------+-----
Armour         | 1 2 3 4 |  4.0
Fighting       | 3 4 |  4.8
Ranged Weapons | 5 6 7 |  7.1
Dodging        | |  2.1
Stealth        | |  0.7

Action                     |  1- 3 |  4- 6 || total
---------------------------+-------+-------++-------
  Melee: War axe           |     8 |    14 ||    22
   Fire: Shortbow          |   108 |   116 ||   224
    Use: Scroll            |       |     2 ||     2
         Potion            |       |     2 ||     2
 Armour: Ring mail         |    26 |    28 ||    54
  Dodge: Dodged            |    35 |    39 ||    74
